 Dungeon Crawl Stone Soup version 0.31-a0-236-g9a0961fb85 (webtiles) character file.

Game seed: 328835723978143057

689 qw the Shooter (level 7, -3/60 HPs)
             Began as a Minotaur Hexslinger on July 10, 2023.
             Was an Initiate of Okawaru.
             Slain by an orc warrior
             ... wielding a +0 scimitar
              (6 damage)
             ... on level 5 of the Dungeon.
             The game lasted 00:01:55 (4738 turns).

qw the Shooter (Minotaur Hexslinger)                Turns: 4738, Time: 00:01:56

Health: -3/60      AC:  7    Str: 18    XL:     7   Next: 36%
Magic:  5/6        EV: 11    Int: 10    God:    Okawaru [......]
Gold:   411        SH:  0    Dex: 15    Spells: 7/8 levels left

rFire   . . .        n - +1 sling (heavy)
rCold   . . .        (no shield)
rNeg    . . .        g - +1 ring mail "Gephihuq" {Str+6}
rPois   .            (helmet restricted)
rElec   .            (no cloak)
rCorr   .            i - +0 pair of gloves
SInv    .            (no boots)
Will    .....        (no amulet)
Stlth   +            (no ring)
HPRegen 0.30/turn    (no ring)
MPRegen 0.10/turn

%: no passive effects
@: about to teleport
A: horns 2, retaliatory headbutt, low MP 1, subdued magic 1
a: Renounce Religion


You were on level 5 of the Dungeon.
You worshipped Okawaru.
Okawaru was noncommittal.
You visited 1 branch of the dungeon, and saw 6 of its levels.
You also visited: Ossuary.

You collected 411 gold pieces.


Innate Abilities, Weirdness & Mutations

You have a pair of horns on your head.
You reflexively headbutt those who attack you in melee.
Your magical capacity is low. (-10% MP)
Your spells are a little easier to cast, but a little less powerful.


   Skills:
 - Level 4.5 Fighting
 + Level 7.6 Ranged Weapons
 - Level 2.1 Armour
 - Level 2.1 Dodging
 - Level 1.0 Spellcasting
 - Level 2.0 Hexes
 - Level 1.1 Invocations


You had 7 spell levels left.
You knew the following spells:

 Your Spells              Type           Power      Damage    Failure   Level
a - Slow                  Hex            12%        N/A       22%         1

Your spell library contained the following spells:

 Spells                   Type           Power      Damage    Failure   Level
 Inner Flame              Hex/Fire       1%         N/A       71%         3
 Portal Projectile        Hex/Tloc       2%         N/A       71%         3
 Cause Fear               Hex            1%         N/A       93%         4

Inventory:

Hand Weapons
 n - a +1 heavy sling (weapon)
Armour
 g - the +1 ring mail "Gephihuq" (worn) {Str+6}
   (You found it on level 2 of the Dungeon)

   Str:       It affects your strength (+6).
 i - a +0 pair of gloves (worn)
Scrolls
 a - a scroll of identify
 b - 3 scrolls of teleportation
Potions
 c - 2 potions of enlightenment
 d - a potion of might
 e - 4 potions of curing
 f - a potion of lignification {unknown}
 k - a potion of experience {unknown}
 l - a potion of berserk rage {unknown}
 m - a potion of haste
 o - a potion of mutation

Dungeon Overview and Level Annotations

Branches:
Dungeon (6/15)             Temple (0/1) D:5         Ossuary (visited)

Altars:
Okawaru
Vehumet
Zin


Message History

The orc warrior closely misses you.
You shoot a sling bullet.
The sling bullet barely misses the adder.
The adder barely misses you. You furiously retaliate!
You headbutt the adder!
You kill the adder!
Okawaru accepts your kill. The ice beast hits you. The ice beast freezes you!
The orc hits you with a +0 hand axe.
The orc warrior hits you with a +0 scimitar!
4735 ||| STAIRDANCE The scorpion stings you.
The ice beast barely misses you. The orc hits you but does no damage.
The orc warrior hits you with a +0 scimitar!
You climb upwards.
There is a stone staircase leading down here.
Enter note:
Enter note:
Enter note:
Enter note:
Enter note:
Enter note:
4737 ||| READING 4 scrolls of teleportation.
As you read the scroll of teleportation, it crumbles to dust.
You feel strangely unstable. The scorpion closely misses you.
The ice beast closely misses you. The orc misses you.
The orc warrior hits you with a +0 scimitar.
The scorpion closely misses you. You furiously retaliate!
You headbutt the scorpion. You shoot a sling bullet.
The sling bullet hits the orc warrior!
The orc warrior is severely wounded.
You feel like a meek peon again.
The scorpion stings you but does no damage.
The ice beast barely misses you. You furiously retaliate!
You headbutt the ice beast. The orc closely misses you.
You furiously retaliate!
You headbutt the orc!
You kill the orc!
Okawaru accepts your kill.
The orc warrior hits you with a +0 scimitar.
You die...

........##.# #.# ##########.#
#.# ## #.# #.# .# #.###
#.########## .#########...####
#........... .##.............#
#..###...###
.##.########.##.######..# #.}.#
.##.# #.##s)Y......###...###
.##.# #....@o...............
.##.# #..#.######.#[}..>..}.
.##.# ####..#[# #.#.........
.##.# #.....#.# ##.####...###
.##.# #.###.#.# #..# #.}.# .##.#
#.# #.#.# #.## ##...## .##.#
#.###.#.# ##.## #.#...# .##.#
##.##.#..####.#.###.##..#
.##.####....###.....###....##..#


You could see an orc warrior, an ice beast and a scorpion.

Vanquished Creatures
  A bullfrog (D:5)
  A scorpion (D:5)
  3 orc priests
  4 orc wizards
  Natasha (thrice) (D:3)
  9 mummies
  8 adders
  An ufetubus (D:3)
  2 worms
  A dart slug (D:1)
  20 orcs
  4 bats
  6 endoplasms
  3 giant cockroaches
  10 goblins
  4 hobgoblins
  10 kobolds
  4 quokkas
  6 ball pythons
  2 frilled lizards (D:1)
  2 gnoll zombies (Ossuary)
  3 hobgoblin zombies
  4 kobold zombies
  An orc zombie (Ossuary)
  5 rats
117 creatures vanquished.

Notes
Turn   | Place    | Note
-------+----------+-------------------------------------------
     0 | D:1      | qw the Minotaur Hexslinger began the quest for the Orb.
     0 | D:1      | Reached XP level 1. HP: 16/16 MP: 1/1
     0 | D:1      | 0 ||| qw: Version: 0.3-a-52-g30416fa
     0 | D:1      | 0 ||| qw: Game counter: 4649
     0 | D:1      | 0 ||| qw: Melee chars always use a shield: true
     0 | D:1      | 0 ||| qw: God list: Okawaru
     0 | D:1      | 0 ||| qw: Allow faded altars: false
     0 | D:1      | 0 ||| qw: Do Orc after clearing Dungeon:15 true
     0 | D:1      | 0 ||| qw: Do second Lair branch before Depths: true
     0 | D:1      | 0 ||| qw: Lair rune preference: random
     0 | D:1      | 0 ||| qw: Goals: Normal
     0 | D:1      | 0 ||| PLANNING D:1-11
   180 | D:1      | Reached skill level 3 in Ranged Weapons
   219 | D:1      | Reached XP level 2. HP: 22/23 MP: 2/2
   741 | D:1      | 741 ||| UPGRADING to +0 leather armour.
   751 | D:1      | 751 ||| DROPPING +0 robe.
   752 | D:1      | 752 ||| UPGRADING to +0 pair of gloves.
   757 | D:1      | 757 ||| READING scroll labelled VEYNLE JAXAE.
   758 | D:1      | 758 ||| READING scroll labelled WIULIGOELE.
   762 | D:1      | 762 ||| DRINKING 2 amethyst potions.
   763 | D:1      | 763 ||| DROPPING scroll of poison.
   816 | D:2      | Reached XP level 3. HP: 28/29 MP: 3/3
  1022 | D:2      | Reached skill level 4 in Ranged Weapons
  1028 | D:2      | Identified the +1 ring mail "Gephihuq" {Str+6}
  1565 | D:2      | 1565 ||| UPGRADING to +1 ring mail "Gephihuq" {Str+6}.
  1575 | D:2      | 1575 ||| DROPPING +0 leather armour.
  1576 | D:2      | 1576 ||| DROPPING ring of wizardry.
  1655 | D:3      | Noticed Natasha
  1662 | D:3      | Killed Natasha
  1663 | D:3      | Reached XP level 4. HP: 26/36 MP: 4/4
  1681 | D:3      | Noticed Natasha
  1690 | D:3      | Killed Natasha
  1779 | D:3      | 1779 ||| DRINKING 2 potions of curing.
  1779 | D:3      | 1779 ||| (to cure confusion)
  1785 | D:3      | Reached skill level 5 in Ranged Weapons
  1785 | D:3      | Reached XP level 5. HP: 14/41 MP: 5/5
  1922 | D:3      | Found a radiant altar of Vehumet.
  2022 | D:3      | Noticed Natasha
  2032 | D:3      | Killed Natasha
  2116 | D:3      | Found a glowing silver altar of Zin.
  2117 | D:3      | Noticed an angel
  2191 | D:3      | 2191 ||| Stepping ~*~*~tactically~*~*~ (outnumbered).
  2195 | D:3      | Reached skill level 3 in Fighting
  2262 | D:3      | Found a faded altar of an unknown god.
  2389 | D:3      | 2389 ||| READING scroll labelled YRPHOX SUTH.
  2390 | D:3      | 2390 ||| READING scroll labelled LEFEAP TAY.
  2784 | D:4      | Reached skill level 6 in Ranged Weapons
  2784 | D:4      | Reached XP level 6. HP: 43/51 MP: 6/6
  2795 | D:4      | HP: 12/51 [orc priest/nerve-wracking pain (2)]
  2796 | D:4      | 2796 ||| READING 3 scrolls of teleportation.
  2982 | D:4      | Found an iron altar of Okawaru.
  2983 | D:4      | 2983 ||| PLANNING OKAWARU WORSHIP
  2983 | D:4      | 2983 ||| READING scroll labelled CINAVOFEJU.
  2988 | D:4      | Became a worshipper of Warmaster Okawaru
  2989 | D:4      | 2989 ||| PLANNING D:1-11
  3295 | D:4      | 3295 ||| READING scroll labelled UDISUU HENTO.
  3335 | D:5      | Entered Level 5 of the Dungeon
  3336 | D:5      | 3336 ||| PLANNING OSSUARY
  3474 | D:5      | Found a sand-covered staircase.
  3572 | D:5      | 3572 ||| DRINKING 2 green potions.
  3576 | Ossuary  | Entered an ossuary
  4010 | Ossuary  | 4010 ||| READING scroll labelled KUPUCAOBIE.
  4011 | Ossuary  | 4011 ||| READING scroll labelled ELAEKI ETOE.
  4012 | Ossuary  | 4012 ||| DRINKING 2 coppery potions.
  4013 | Ossuary  | 4013 ||| DRINKING 2 viscous emerald potions.
  4014 | Ossuary  | 4014 ||| DRINKING 2 fuming grey potions.
  4015 | Ossuary  | 4015 ||| DRINKING 2 smoky blue potions.
  4015 | Ossuary  | Gained mutation: Your magical capacity is low. (-10% MP)
                  | [potion of mutation]
  4015 | Ossuary  | Gained mutation: Your spells are a little easier to cast,
                  | but a little less powerful. [potion of mutation]
  4016 | Ossuary  | 4016 ||| READING 2 scrolls of identify.
  4016 | Ossuary  | 4016 ||| IDENTIFYING fizzy black potion
  4017 | Ossuary  | 4017 ||| DROPPING potion of brilliance.
  4018 | Ossuary  | 4018 ||| DROPPING potion of attraction.
  4038 | D:5      | 4038 ||| PLANNING D:1-11
  4096 | D:5      | Found a staircase to the Ecumenical Temple.
  4124 | D:5      | Reached XP level 7. HP: 50/60 MP: 6/6
  4232 | D:5      | Reached skill level 7 in Ranged Weapons
  4238 | D:5      | Reached * piety under Okawaru
  4345 | D:5      | 4345 ||| FLEEEEING.
  4346 | D:5      | 4346 ||| FLEEEEING.
  4347 | D:5      | 4347 ||| FLEEEEING.
  4348 | D:5      | 4348 ||| FLEEEEING.
  4349 | D:5      | 4349 ||| FLEEEEING.
  4350 | D:5      | 4350 ||| FLEEEEING.
  4351 | D:5      | 4351 ||| FLEEEEING.
  4352 | D:5      | 4352 ||| FLEEEEING.
  4363 | D:5      | Reached skill level 1 in Invocations
  4729 | D:6      | 4729 ||| INVOKING Heroism.
  4735 | D:6      | 4735 ||| STAIRDANCE
  4735 | D:6      | HP: 8/60 [orc warrior/+0 scimitar (8)]
  4737 | D:5      | 4737 ||| READING 4 scrolls of teleportation.
  4737 | D:5      | HP: 2/60 [orc warrior/+0 scimitar (6)]
  4738 | D:5      | Slain by an orc warrior

Levels and vault maps discovered:
D:1:      lemuel_arrival_muddy, layout_loops_ring, feat_on_display
D:2:      layout_basic, kennysheep_generic_room_15
D:3:      layout_rooms, overflow_temple_1_default, zin_angel,
          basic_ecumenical_altar, hex_large, minmay_vboxes, uniq_natasha
D:4:      layout_loops_cross, hellmonk_okawaru_the_only_friend_you_need
D:5:      layout_loops_ring, minmay_temple_entry_junction,
          nicolae_ossuary_entry_giza
D:6:      layout_rooms, mainiacjoe_overflow_chevrons,
          mainiacjoe_overflow_concentric_impassable, mainiacjoe_overflow_paths,
          ebering_ghost_xom, uniq_duvessa

Skill      XL: |  1  2  3  4  5  6  7 |
---------------+----------------------+-----
Ranged Weapons | 3 4 5 6 7 |  7.6
Fighting       | 2 3 4 |  4.5
Armour         | 2 |  2.1
Invocations    | 1 |  1.1
Dodging        | |  2.1
Spellcasting   | |  1.0
Hexes          | |  2.0

Action                     |  1- 3 |  4- 6 |  7- 9 || total
---------------------------+-------+-------+-------++-------
   Fire: Sling             |   114 |   292 |    47 ||   453
 Invoke: Heroism           |       |       |     1 ||     1
    Use: Scroll            |     2 |     8 |     1 ||    11
         Potion            |     1 |     6 |       ||     7
 Armour: Robe              |     2 |       |       ||     2
         Leather armour    |     3 |       |       ||     3
         Ring mail         |     1 |    57 |    11 ||    69
  Dodge: Dodged            |    16 |    95 |    29 ||   140

Table legend:
 A = Non-vault XP
 B = Vault XP
 C = Vault XP percentage of total XP
 D = Non-vault monster count
 E = Vault monster count
 F = Vault count percentage of total count
                 A         B        C        D         E       F
            +---------+---------+-------+---------+---------+-------
      Total |     771 |     217 |  22.0 |      91 |      26 |  22.2
            +---------+---------+-------+---------+---------+-------
        D:1 |      37 |       0 |   0.0 |      22 |       0 |   0.0
        D:2 |      36 |       0 |   0.0 |      14 |       0 |   0.0
        D:3 |     157 |      43 |  21.5 |      15 |       7 |  31.8
        D:4 |     178 |       0 |   0.0 |      20 |       0 |   0.0
        D:5 |     308 |      23 |   6.9 |      18 |       3 |  14.3
        D:6 |      55 |       0 |   0.0 |       2 |       0 |   0.0
    Ossuary |       0 |     151 | 100.0 |       0 |      16 | 100.0
            +---------+---------+-------+---------+---------+-------
